 Dungeon Crawl Stone Soup version 0.27-a0-797-g27d10ad80f (webtiles) character file.

Game seed: 11805141542357393902

358 polve the Changer (level 6, -6/47 HPs)
             Began as a Demonspawn Abyssal Knight on Mar 27, 2021.
             Was a Believer of Lugonu.
             Mangled by an ogre
             ... wielding a +0 giant club
              (7 damage)
             ... on level 4 of the Dungeon.
             The game lasted 00:05:30 (3739 turns).

polve the Changer (Demonspawn Abyssal Knight)       Turns: 3739, Time: 00:05:30

Health: -6/47      AC:  4    Str: 13    XL:     6   Next: 37%
Magic:  9/9        EV: 11    Int: 15    God:    Lugonu [**....]
Gold:   166        SH:  0    Dex: 17    Spells: 7/9 levels left

rFire    + . .     SeeInvis .   f - +1 lajatang
rCold    . . .     Faith    .   (shield currently unavailable)
rNeg     . . .     Spirit   .   g - +0 troll leather armour {Purgy}
rPois    .         Reflect  .   (helmet restricted)
rElec    .         Harm     .   (no cloak)
rCorr    .         Rampage  .   (no gloves)
Will     .....                  (no boots)
Stlth    +.........             d - amulet of Uskigo {Acrobat Dex+5}
HPRegen  1.15/turn              (no ring)
MPRegen  0.11/turn              (no ring)

@: no status effects
A: horns 1, talons 1, demonic magic 1, fire resistance 1, evolution 1
a: Renounce Religion, Depart the Abyss, Bend Space


You were on level 4 of the Dungeon.
You worshipped Lugonu.
Lugonu was pleased with you.
You visited 1 branch of the dungeon, and saw 5 of its levels.
You visited the Abyss 1 time.
You also visited: Sewer.

You collected 166 gold pieces.

Inventory:

Hand Weapons
 f - a +1 lajatang (weapon)
Armour
 g - a +0 troll leather armour (worn) {Purgy}
Jewellery
 d - the amulet of Uskigo (around neck) {Acrobat Dex+5}
   (You found it on level 2 of the Abyss)

   [amulet of the acrobat]

   It helps you evade while moving and waiting.
   It affects your dexterity (+5).
Scrolls
 a - 3 scrolls of blinking
 b - a scroll of summoning
 c - 6 scrolls of identify
Potions
 e - a potion of heal wounds
 h - a potion of lignification
 i - a potion of berserk rage {unknown}
 j - 2 potions of might {unknown}


   Skills:
 - Level 3.0 Fighting
 - Level 2.5 Long Blades
 - Level 3.1 Staves
 - Level 1.7 Armour
 - Level 0.8 Dodging
 - Level 2.0 Spellcasting
 + Level 3.7 Transmutations
 - Level 2.4 Invocations


You had 7 spell levels left.
You knew the following spells:

 Your Spells              Type           Power      Damage    Failure   Level
a - Wereblood             Tmut           12%        N/A       10%         2

Your spell library contained the following spells:

 Spells                   Type           Power      Damage    Failure   Level
 Beastly Appendage        Tmut           24%        N/A       6%          1
 Spider Form              Tmut/Pois      3%         N/A       36%         3
 Ice Form                 Ice/Tmut       7%         N/A       78%         4
 Blade Hands              Tmut           6%         N/A       86%         5


Dungeon Overview and Level Annotations

Branches:
Dungeon (5/15)              Sewer (visited)
 Temple: D:4-7

Altars:
Gozag
Sif Muna
Vehumet
Yredelemnul
The Shining One


Innate Abilities, Weirdness & Mutations

You have a pair of small horns on your head.
You have sharp toenails.
Spells you cast may paralyse adjacent enemies.
Your flesh is heat resistant. (rF+)
You evolve.


Message History

You slash the spectral orc!
You destroy the spectral orc!
Lugonu accepts your kill.
No target in view!
No target in view!
No target in view!
No target in view!
You pick your way through the web.
There is a web here.
There is an open door here.
Done exploring.
Done exploring.
Done exploring.
Done exploring.
(D) Dungeon
Where to? (Enter - D:4, ? - help)
There is a stone staircase leading down here.
You climb downwards.
The ogre barely misses you. The ogre completely misses you.
There is a stone staircase leading up here.
An ogre is nearby!
You hit the ogre.
The ogre is lightly wounded.
The ogre hits you with a +0 giant club!!
You are too injured to fight recklessly!
You are too injured to fight recklessly!
You are too injured to fight recklessly!
You are too injured to fight recklessly!
You are too injured to fight recklessly!
You are too injured to fight recklessly!
You barely miss the ogre. Your kick misses the ogre.
The ogre barely misses you.
You hit the ogre but do no damage. Your kick misses the ogre.
The ogre hits you with a +0 giant club!
You slash the ogre!
The ogre is heavily wounded.
The ogre hits you with a +0 giant club!
* * * LOW HITPOINT WARNING * * *
The ogre hits you with a +0 giant club!
You die...

####### #..... ##
##....### #
...##.......##.####
#.........>.......
.##........###...
##....#.## #..@...#
#.O#.#.# #..#.##.#
####..#.# #..
#.......####.#
#†##..!......#
#.###.#######
#†....# #.....###


You could see an ogre.

Vanquished Creatures
  Purgy (Sewer)
  A scorpion (D:3)
  2 hounds
  6 adders
  4 worms
  6 orcs
  6 bats
  5 endoplasms
  3 giant cockroaches
  A goblin (D:1)
  2 hobgoblins
  16 jackals
  5 kobolds
  4 quokkas
  11 ball pythons
  3 frilled lizards
  5 rats
  A spectral orc (D:3)
82 creatures vanquished.

Vanquished Creatures (others)
  A kobold (D:4)
1 creature vanquished.

Grand Total: 83 creatures vanquished

Notes
Turn   | Place    | Note
-------+----------+-------------------------------------------
     0 | Abyss:1  | polve the Demonspawn Abyssal Knight began the quest for the
                  | Orb.
     0 | Abyss:1  | Reached XP level 1. HP: 18/18 MP: 2/2
    14 | Abyss:1  | Found a corrupted altar of Lugonu.
    32 | Abyss:2  | Noticed an ice beast
    44 | Abyss:2  | Noticed a raiju
    77 | Abyss:2  | Noticed a quasit
    79 | Abyss:2  | Identified the amulet of Uskigo {Acrobat Dex+5}
    81 | D:1      | Escaped the Abyss
   125 | D:1      | Reached * piety under Lugonu
   405 | D:1      | Gained mutation: Spells you cast may paralyse adjacent
                  | enemies. [demonic ancestry]
   405 | D:1      | Reached XP level 2. HP: 24/24 MP: 3/3
   926 | D:2      | Reached skill level 1 in Staves
  1395 | D:2      | Found a shimmering blue altar of Sif Muna.
  1395 | D:2      | Found a radiant altar of Vehumet.
  1535 | D:2      | Gained mutation: You have a pair of small horns on your
                  | head. [demonic ancestry]
  1535 | D:2      | Reached XP level 3. HP: 29/29 MP: 4/4
  1929 | D:2      | Reached XP level 4. HP: 22/35 MP: 5/5
  2065 | D:2      | Reached ** piety under Lugonu
  2445 | D:3      | Learned a level 2 spell: Wereblood
  2740 | D:3      | You fall into a shaft and drop 2 floors!
  2740 | D:5      | Entered Level 5 of the Dungeon
  2777 | D:5      | Found a glowing drain.
  2793 | Sewer    | Entered a sewer
  2846 | Sewer    | Noticed Purgy
  2847 | Sewer    | Gained mutation: Your flesh is heat resistant. (rF+)
                  | [potion of mutation]
  2847 | Sewer    | Gained mutation: You evolve. [potion of mutation]
  2847 | Sewer    | Gained mutation: You have large cloven feet. [potion of
                  | mutation]
  2868 | Sewer    | Killed Purgy
  2869 | Sewer    | Reached XP level 5. HP: 41/41 MP: 5/8
  3051 | D:4      | Noticed an ogre
  3075 | D:4      | Lost mutation: You have large cloven feet. [demonic
                  | ancestry]
  3075 | D:4      | Gained mutation: You have sharp toenails. [demonic
                  | ancestry]
  3075 | D:4      | Reached XP level 6. HP: 38/47 MP: 9/9
  3570 | D:3      | Found an opulent altar of Gozag.
  3641 | D:3      | Found a basalt altar of Yredelemnul.
  3739 | D:4      | HP: 1/47 [ogre/+0 giant club (17)]
  3739 | D:4      | Mangled by an ogre

Illustrated notes

Levels and vault maps discovered:
D:1:      scummos_arrival_checkerplants, layout_loops_ring
D:2:      layout_rooms, nicolae_overflow_hidden_temple, minmay_snake_closets
D:3:      layout_loops_ring, yredelemnul_forgotten_temple_becter,
          nicolae_gozag_seed_capital, tso_metal_star
D:4:      layout_loops_ring, kennysheep_mini_moat, old_standard_altar,
          lemuel_old_faithful, uniq_blork_the_orc
D:5:      layout_cave_pods, portal_sewer_entry_f, st_stairs_14

Skill      XL: |  1  2  3  4  5 |
---------------+----------------+-----
Long Blades    | 2 |  2.5
Staves         | 1 2 3 |  3.1
Spellcasting   | 2 |  2.0
Transmutations | 2 3 |  3.7
Fighting       | |  3.0
Armour         | |  1.7
Dodging        | |  0.8
Invocations    | |  2.4

Action                   |  1- 3 |  4- 6 || total
-------------------------+-------+-------++-------
Melee: Falchion          |    60 |       ||    60
       Lajatang          |    27 |   113 ||   140
       Headbutt          |     3 |    17 ||    20
       Unarmed           |       |    18 ||    18
       Kick              |       |     7 ||     7
Invok: Depart the Abyss  |     1 |       ||     1
  Use: Scroll            |     3 |     2 ||     5
       Potion            |       |     4 ||     4
 Stab: Sleeping          |     2 |     3 ||     5
Armor: Leather armour    |    23 |    12 ||    35
       Skin              |       |    43 ||    43
       Troll leather arm |       |    19 ||    19
Dodge: Dodged            |    56 |   110 ||   166
       Rpst.: Falchion   |    10 |       ||    10

Table legend: (Time is in decaauts)
 A = Elapsed time spent in this place.
 B = Non-inter-level travel time spent in this place.
 C = Inter-level travel time spent in this place.
 D = Time resting spent in this place.
 E = Time spent auto-exploring this place.
 F = Levels seen in this place.
 G = Mean time per level.
                   A        B        C        D        E       F      G
               +--------+--------+--------+--------+--------+-----+--------+
         Total |   3788 |   3716 |     72 |      7 |   3124 |   8 |  473.5 |
       Dungeon |   3466 |   3394 |     72 |      0 |   2947 |   5 |  693.2 |
         Abyss |     80 |     80 |      0 |      0 |     23 |   2 |   40.0 |
         Sewer |    240 |    240 |      0 |      7 |    154 |   1 |  240.0 |
               +--------+--------+--------+--------+--------+-----+--------+

Top non-repeatable levels by time:
     D:2: 1724 daAuts
     D:3: 969 daAuts
     D:1: 635 daAuts
   Sewer: 240 daAuts
     D:5: 78 daAuts
     D:4: 59 daAuts
 Abyss:2: 53 daAuts
 Abyss:1: 27 daAuts
